 Dungeon Crawl Stone Soup version 0.19-a0-624-g96853e7 (webtiles) character file.

101523 AlphabetPasta the Unseen (level 16, 0/90 HPs)
             Began as a Kobold Assassin on June 10, 2016.
             Was a High Priest of Dithmenos.
             Slain by Aizul (18 damage)
             ... on level 3 of the Swamp on June 12, 2016.
             The game lasted 05:08:11 (35890 turns).

AlphabetPasta the Unseen (Kobold Assassin)         Turns: 35890, Time: 05:08:11

Health: 0/90       AC: 10    Str: 16    XL:     16   Next: 83%
Magic:  30/30      EV: 20    Int: 12    God:    Dithmenos [*****.]
Gold:   1331       SH: 13    Dex: 20    Spells: 5 memorised, 21 levels left

rFire  + . .     SeeInvis +     c - +2 rapier (speed)
rCold  . . .     Gourm    .     B - +3 leather armour of Foedebit {rF+ rCorr}
rNeg   + . .     Faith    .     p - +2 buckler
rPois  +         Spirit   .     Y - +0 helmet {SInv}
rElec  .         Dismiss  .     d - +0 cloak
rCorr  +         Reflect  +     i - +0 pair of gloves
SustAt .         Harm     .     t - +0 pair of boots
MR     ++...                    W - +4 amulet of reflection
Stlth  ++++++++++               K - ring of protection from magic
                                h - ring "Qeb Qerch" {*Drain +Inv rPois rN+ Stlth+}

@: mighty, very slightly contaminated, hasted, wreathed by umbra, very quick,
very resistant to hostile enchantments, uncannily stealthy
A: carnivore 3
a: Shadow Step, Shadow Form, Renounce Religion, Evoke Invisibility


You were on level 3 of the Swamp.
You worshipped Dithmenos.
Dithmenos was extremely pleased with you.
You were very full.

You visited 5 branches of the dungeon, and saw 27 of its levels.

You collected 2495 gold pieces.
You spent 1164 gold pieces at shops.

Inventory:

Hand Weapons
 a - a +2 dagger of venom
 b - a +0 blowgun
 c - a +2 rapier of speed (weapon)
Missiles
 e - 52 poisoned needles
 D - 32 tomahawks (quivered)
 Z - 7 curare-tipped needles
Armour
 d - a +0 cloak (worn)
 i - a +0 pair of gloves (worn)
 p - a +2 buckler (worn)
 t - a +0 pair of boots (worn)
 B - the +3 leather armour of Foedebit (worn) {rF+ rCorr}
   (You found it on level 13 of the Dungeon)

   It protects you from fire.
   It protects you from acid and corrosion.
 N - a +2 robe of cold resistance
 Y - a +0 helmet of see invisible (worn)
Jewellery
 h - the ring "Qeb Qerch" (left hand) {*Drain +Inv rPois rN+ Stlth+}
   (You bought it in a shop on level 2 of the Orcish Mines)

   [ring of positive energy]

   It protects you from poison.
   It protects you from negative energy.
   It lets you turn invisible.
   It causes draining when unequipped.
   It makes you more stealthy.
 q - an uncursed ring of stealth
 s - a +4 ring of intelligence
 A - an uncursed ring of ice
 H - an uncursed ring of resist corrosion
 K - a ring of protection from magic (right hand)
 T - an uncursed ring of protection from cold
 W - a +4 amulet of reflection (around neck)
Wands
 f - a wand of confusion (24/48)
 m - a wand of polymorph (18/24)
 r - a wand of iceblast (7/15)
 E - a wand of lightning (8/15)
 L - a wand of hasting (6/9)
 O - a wand of disintegration (8/24)
 P - a wand of digging (2/24)
Scrolls
 n - 5 scrolls of teleportation
 o - 6 scrolls of magic mapping
 u - 9 scrolls of amnesia
 y - 7 scrolls of remove curse
 C - 3 scrolls of enchant armour
 I - 4 scrolls of fog
 S - a scroll of blinking
 X - a scroll of enchant weapon
Potions
 j - a potion of cure mutation
 k - a potion of berserk rage
 v - a potion of might
 F - a potion of flight
 G - 2 potions of ambrosia
 Q - a potion of haste
Comestibles
 g - 13 meat rations
 w - 2 royal jellies
 x - 6 beef jerkies


   Skills:
 - Level 6.4 Fighting
 + Level 13.8 Short Blades
 - Level 4.0 Throwing
 + Level 3.2 Armour
 - Level 7.3 Dodging
 + Level 18.5 Stealth
 - Level 5.4 Shields
 + Level 10.0 Spellcasting
 * Level 14.5 Hexes
 - Level 2.0 Translocations
 - Level 1.0 Ice Magic
 - Level 8.1 Invocations
 + Level 3.4 Evocations


You had 21 spell levels left.
You knew the following spells:

 Your Spells              Type           Power        Failure   Level  Hunger
a - Ensorcelled Hibernat  Hex/Ice        ###...       1%          2    None
b - Confuse               Hex            #####...     1%          3    ##.....
c - Dazzling Spray        Conj/Hex       ###...       2%          3    ##.....
d - Tukima's Dance        Hex            #####...     1%          3    ##.....
e - Gell's Gravitas       Hex/Tloc       ####......   1%          3    ##.....


Dungeon Overview and Level Annotations

Branches:
Dungeon (15/15)            Temple (1/1) D:6            Lair (6/6) D:11
  Swamp (3/4) Lair:3        Snake (0/4) Lair:2        Slime (0/5) Lair:5
    Orc (2/2) D:10            Elf (0/3) Orc:2        Vaults (0/5) D:14
 Depths: D:15

Altars:
Ashenzari
Cheibriados
Dithmenos
Elyvilon
Fedhas
Gozag
Hepliaklqana
Kikubaaqudgha
Makhleb
Nemelex Xobeh
Okawaru
Pakellas
Qazlal
Ru
Sif Muna
Trog
Uskayaw
Vehumet
Xom
Yredelemnul
Zin
The Shining One
Jiyva

Shops:
D:8 ?   D:14 =   Orc:2 [%[}=

Annotations:
D:6 alcopop's ghost, novice HuIE
D:7 exclusion: statue
D:8 exclusion: 2 doors
D:14 Agnes
Lair:4 exclusions: blink frog and 2 hogs, Kirke
Swamp:3 Aizul


Innate Abilities, Weirdness & Mutations

You are small and have problems with some larger weapons.
You are carnivorous and can eat meat at any time.


Message History

You miss Aizul.
Aizul is almost dead.
Your shadow closely misses Aizul.
The vampire mosquito misses you.
You miss Aizul.
Aizul is almost dead.
You barely miss Aizul.
Aizul is almost dead.
The vampire mosquito bites you.
* * * LOW HITPOINT WARNING * * *
You feel better. You block Aizul's attack.
The giant leech bites you but does no damage.
The vampire mosquito completely misses you.
You closely miss Aizul.
Aizul is almost dead.
Aizul hits you!
* * * LOW HITPOINT WARNING * * *
You feel better.
The vampire mosquito closely misses you.
Aizul hits you!!
You die...

..≈.♣♣.≈≈≈≈≈≈≈≈≈≈≈≈≈
♣ ♣♣≈≈≈≈≈≈≈≈≈≈≈≈§≈ ♣♣
≈.≈♣≈≈≈≈≈§≈≈≈≈≈≈≈
.♣♣≈≈..≈≈≈≈..≈≈≈≈.≈§
≈.≈.≈≈.≈≈≈≈..≈≈≈..
≈≈.♣♣ ♣....≈≈≈♣♣ ...♣
♣≈≈♣§§§§♣♣♣♣ ≈♣♣♣
♣≈§..yS.(♣♣ .♣♣
♣≈≈≈§w@§.§♣ .≈♣♣♣♣♣
♣.≈§§..≈≈≈♣
.≈≈..≈♣♣♣♣♣.≈§§≈≈≈≈.♣
.≈≈≈≈.≈♣♣≈♣.≈§≈≈≈§.♣♣
.(♣≈≈[≈.≈.......♣♣♣♣
....≈≈≈.≈÷..≈≈..≈♣♣
≈≈≈..♣♣♣♣♣♣.......♣
≈≈....♣ ♣..≈≈≈≈§♣
.....♣♣ ♣≈≈.≈≈≈≈≈♣


You could see Aizul, a giant leech and a vampire mosquito.

Vanquished Creatures
  Jorgrun (Swamp:2)
  The ghost of Haruko the Fighter, a journeyman MiGl of Okawaru (Orc:2)
  Fannar (D:10)
  A vault guard (D:14)
  A ghost crab (Swamp:3)
  3 centaur warriors
  9 hydras
  6 death yaks
  9 alligators
  3 orc high priests (Orc:2)
  Sonja (Lair:4)
  An unseen horror (D:14)
  A shambling mangrove (Swamp:1)
  A harpy (shapeshifter) (D:14)
  A swamp dragon (Swamp:2)
  3 hill giants
  4 orc knights
  Pikel (D:8)
  A deep elf mage (D:13)
  2 hornets
  5 orc sorcerers (Orc:2)
  11 ugly things
  2 griffons (Lair:5)
  2 manticores (D:12)
  8 elephants
  27 spiny frogs
  3 black mambas
  2 gargoyles
  4 kobold demonologists (D:11)
  8 komodo dragons
  7 rime drakes
  A polar bear (Lair:6)
  10 trolls
  5 two-headed ogres
  A raiju (shapeshifter) (D:14)
  4 giant leeches
  Prince Ribbit (D:8)
  A boulder beetle (Lair:6)
  27 blink frogs
  14 slime creatures
  A meliai zombie (D:14)
  2 bog bodies (Swamp:1)
  Sigmund (D:6)
  7 spriggans
  32 yaks
  5 shadows
  2 wraiths
  A wyvern (D:12)
  A hog (Lair:4)
  A basilisk (D:10)
  2 humans (D:11)
  2 hungry ghosts
  7 hippogriffs
  17 vampire mosquitoes
  5 wargs (Orc:1)
  A steam dragon (D:9)
  8 swamp worms
  12 insubstantial wisps
  3 nagas (Lair:2)
  12 water moccasins
  12 porcupines
  3 black bears
  5 swamp drakes
  19 orc warriors
  2 ice beasts
  4 sky beasts
  6 wasps
  A necrophage (D:8)
  A phantom (D:11)
  14 ogres
  18 centaurs
  10 wolves
  9 crocodiles
  3 big kobolds
  30 giant frogs
  3 gnoll sergeants
  3 scorpions
  3 killer bees (D:11)
  18 wights
  4 howler monkeys
  3 electric eels (Lair:6)
  5 centaur zombies
  5 crimson imps
  9 hounds
  2 jellies
  14 orc priests
  A giant frog skeleton (D:7)
  A gnoll shaman (D:7)
  6 centaur skeletons
  26 orc wizards
  10 iguanas
  6 worker ants
  8 sheep
  A worker ant zombie (D:11)
  Robin (D:3)
  17 gnolls
  A howler monkey skeleton (D:10)
  43 river rats
  9 adders
  5 shadow imps
  An adder skeleton (D:9)
  3 worms
  A dart slug (D:1)
  7 giant geckos
  78 orcs
  5 giant cockroaches
  10 goblins
  24 hobgoblins
  20 jackals
  4 quokkas
  7 bats
  A giant gecko zombie (D:5)
  4 giant newts
  A jackal skeleton (D:4)
  18 kobolds
  A quokka skeleton (D:5)
  14 rats
856 creatures vanquished.

Vanquished Creatures (collateral kills)
  An orc warrior (Orc:1)
  2 river rats (Lair:1)
3 creatures vanquished.

Vanquished Creatures (others)
  2 spiny frogs (Lair:1)
  A centaur (D:13)
  A giant frog zombie (D:11)
  A bush (Lair:6)
  21 fungi
  39 plants (Lair:6)
65 creatures vanquished.

Grand Total: 924 creatures vanquished

Notes
Turn   | Place    | Note
--------------------------------------------------------------
     0 | D:1      | AlphabetPasta the Kobold Assassin began the quest for the Orb.
     0 | D:1      | Reached XP level 1. HP: 12/12 MP: 1/1
   131 | D:1      | Reached XP level 2. HP: 13/18 MP: 2/2
   669 | D:1      | Reached XP level 3. HP: 18/22 MP: 3/3
   980 | D:1      | Reached skill level 6 in Stealth
  1208 | D:2      | Found a stormy altar of Qazlal.
  1347 | D:2      | Learned a level 2 spell: Ensorcelled Hibernation
  1717 | D:2      | Reached XP level 4. HP: 27/27 MP: 4/4
  1719 | D:2      | Found a hide-covered altar of Uskayaw.
  2081 | D:3      | Noticed Robin
  2188 | D:3      | Reached skill level 1 in Hexes
  2422 | D:3      | Reached skill level 1 in Spellcasting
  2422 | D:3      | Reached skill level 1 in Ice Magic
  2422 | D:3      | Reached XP level 5. HP: 32/32 MP: 3/6
  2427 | D:3      | Learned a level 3 spell: Confuse
  2565 | D:3      | Killed Robin
  2768 | D:3      | Reached skill level 7 in Stealth
  2906 | D:3      | Reached XP level 6. HP: 37/37 MP: 0/7
  3264 | D:3      | Noticed an ogre
  3286 | D:3      | Killed an ogre
  3471 | D:4      | Learned a level 3 spell: Confuse
  3475 | D:4      | Learned a level 3 spell: Dazzling Spray
  3527 | D:4      | Found a sacrificial altar of Ru.
  3533 | D:4      | Reached XP level 7. HP: 41/41 MP: 9/9
  3831 | D:4      | Reached skill level 8 in Stealth
  4150 | D:5      | Entered Level 5 of the Dungeon
  4471 | D:5      | Reached XP level 8. HP: 48/48 MP: 8/11
  4638 | D:5      | Reached skill level 5 in Short Blades
  5063 | D:6      | Reached skill level 9 in Stealth
  5326 | D:6      | Found a basalt altar of Yredelemnul.
  5377 | D:6      | Found a glowing silver altar of Zin.
  5377 | D:6      | Found an opulent altar of Gozag.
  5377 | D:6      | Noticed Sigmund
  5379 | D:6      | Reached skill level 5 in Hexes
  5381 | D:6      | Killed Sigmund
  5383 | D:6      | Reached XP level 9. HP: 53/53 MP: 13/13
  5599 | D:6      | Found a staircase to the Ecumenical Temple.
  5609 | Temple   | Entered the Ecumenical Temple
  5659 | Temple   | Became a worshipper of Dithmenos the Shadowed
  5786 | D:6      | Reached skill level 5 in Fighting
  5786 | D:6      | Reached skill level 10 in Stealth
  5856 | D:6      | Noticed alcopop's ghost (novice HuIE)
  6699 | D:7      | Found a radiant altar of Vehumet.
  7710 | D:7      | Reached skill level 11 in Stealth
  7892 | D:7      | Reached * piety under Dithmenos
  8472 | D:7      | Learned a level 3 spell: Tukima's Dance
  8486 | D:8      | Reached XP level 10. HP: 60/60 MP: 9/16
  8911 | D:7      | Reached skill level 1 in Invocations
  9131 | D:8      | Found an oddly glowing altar of Pakellas.
  9151 | D:8      | Found Dopoxu's Magic Scroll Emporium.
  9157 | D:8      | Bought a scroll of blinking for 120 gold pieces
  9157 | D:8      | Bought a scroll of identify for 32 gold pieces
  9157 | D:8      | Bought a scroll of identify for 32 gold pieces
  9668 | D:8      | Noticed a moth of wrath
  9671 | D:8      | Found a bloodstained altar of Trog.
  9672 | D:8      | Noticed Prince Ribbit
  9685 | D:8      | Killed Prince Ribbit
 10044 | D:8      | Noticed Pikel
 10082 | D:8      | Killed Pikel
 10082 | D:8      | Reached skill level 12 in Stealth
 10120 | D:8      | Reached ** piety under Dithmenos
 10419 | D:9      | Found a shimmering altar of Xom.
 11141 | D:9      | Reached skill level 5 in Spellcasting
 11344 | D:10     | Entered Level 10 of the Dungeon
 11453 | D:10     | Reached XP level 11. HP: 64/64 MP: 18/18
 11660 | D:10     | Noticed Fannar
 11958 | D:10     | Identified the Collected Works on Lucky Bewitchment
 12006 | D:10     | Reached *** piety under Dithmenos
 12059 | D:10     | Upgraded the game from 0.19-a0-599-g723c685 to 0.19-a0-602-gb245719
 12074 | D:10     | Reached skill level 13 in Stealth
 12137 | D:10     | Found a staircase to the Orcish Mines.
 12501 | D:10     | Killed Fannar
 12780 | D:11     | Learned a level 3 spell: Gell's Gravitas
 12780 | D:11     | Found a staircase to the Lair.
 13021 | D:11     | Noticed a sixfirhy
 13143 | D:11     | Noticed a soul eater
 13158 | D:11     | Noticed a sun demon
 13227 | D:11     | Noticed a soul eater
 13322 | D:11     | Noticed a sun demon
 13822 | D:11     | Noticed a hill giant
 13829 | D:11     | Reached skill level 14 in Stealth
 13941 | D:11     | Killed a hill giant
 14010 | D:11     | Reached XP level 12. HP: 53/70 MP: 9/20
 14281 | D:11     | Found an iron altar of Okawaru.
 14871 | Lair:1   | Entered Level 1 of the Lair of Beasts
 15046 | Lair:1   | Reached skill level 5 in Dodging
 15090 | Lair:1   | Reached skill level 5 in Invocations
 15105 | Lair:1   | Noticed a death yak
 15105 | Lair:1   | Noticed a death yak
 15106 | Lair:1   | Noticed a death yak
 15273 | D:11     | Killed a death yak
 15480 | D:11     | Killed a death yak
 15567 | Lair:1   | Noticed a death yak
 15987 | D:11     | Reached **** piety under Dithmenos
 16581 | Lair:1   | Reached skill level 10 in Hexes
 16732 | Lair:1   | Killed a death yak
 16732 | Lair:1   | Reached skill level 10 in Short Blades
 17151 | Lair:1   | Reached skill level 15 in Stealth
 17392 | Lair:2   | Reached XP level 13. HP: 74/74 MP: 23/23
 17793 | Lair:2   | Reached skill level 1 in Translocations
 17886 | Lair:2   | Found a staircase to the Snake Pit.
 18863 | Lair:2   | Reached skill level 16 in Stealth
 19281 | Lair:3   | Reached ***** piety under Dithmenos
 19341 | Lair:3   | Reached skill level 1 in Evocations
 19737 | Lair:3   | Found a staircase to the Swamp.
 20061 | Lair:4   | Noticed Sonja
 20067 | Lair:4   | Killed Sonja
 20916 | Lair:4   | Noticed Kirke
 20929 | Lair:4   | Reached skill level 1 in Shields
 21132 | Lair:5   | Found a viscous altar of Jiyva.
 21132 | Lair:5   | Found a staircase to the Slime Pits.
 21349 | Lair:5   | Reached XP level 14. HP: 80/80 MP: 25/25
 21369 | Lair:5   | Got a slimy brass ring
 21383 | Lair:5   | Identified the ring "Jeson" {MP+9 Str+2} (You found it on level 5 of the Lair of Beasts)
 21911 | Lair:6   | Entered Level 6 of the Lair of Beasts
 23312 | Lair:6   | Got a scorched graven amulet
 23334 | Lair:6   | Reached skill level 17 in Stealth
 24163 | Lair:6   | Reached ****** piety under Dithmenos
 24744 | Lair:6   | Reached skill level 5 in Shields
 25368 | Orc:1    | Entered Level 1 of the Orcish Mines
 25604 | Orc:1    | Reached XP level 15. HP: 84/84 MP: 21/27
 25970 | Orc:2    | Entered Level 2 of the Orcish Mines
 26220 | Orc:2    | Noticed Haruko's ghost (journeyman MiGl)
 26313 | Orc:2    | Found Iphutih's Jewellery Emporium.
 26321 | Orc:2    | Bought a +4 amulet of reflection for 350 gold pieces
 26601 | Orc:2    | Killed Haruko's ghost
 26775 | Orc:2    | Found a staircase to the Elven Halls.
 27148 | Orc:2    | Upgraded the game from 0.19-a0-602-gb245719 to 0.19-a0-606-gee5277e
 28465 | Orc:2    | Found Dusow's Antique Armour Shop.
 28465 | Orc:2    | Found Soocohik's Gadget Shoppe.
 28472 | Orc:2    | Found Hoorenwo's Food Shop.
 28472 | Orc:2    | Found Ewnekeff's Antique Armour Shoppe.
 28519 | Orc:2    | Bought a shiny helmet for 135 gold pieces
 28588 | Orc:2    | Bought the ring "Qeb Qerch" {*Drain +Inv rPois rN+ Stlth+} for 495 gold pieces
 28719 | D:12     | Identified the amulet of Viczem {Gourm Stlth+} (You found it on level 6 of the Lair of Beasts)
 29968 | D:13     | Got a pitted leather armour
 31056 | D:14     | Found Kiliz's Jewellery Shoppe.
 31320 | D:14     | Identified the +3 leather armour of Foedebit {rF+ rCorr} (You found it on level 13 of the Dungeon)
 31701 | D:14     | Found a gate to the Vaults.
 31710 | D:14     | Reached skill level 1 in Armour
 31710 | D:14     | Reached XP level 16. HP: 90/90 MP: 29/29
 32038 | D:14     | Upgraded the game from 0.19-a0-606-gee5277e to 0.19-a0-624-g96853e7
 32060 | D:15     | Entered Level 15 of the Dungeon
 32126 | D:15     | Noticed Agnes
 32445 | Swamp:1  | Entered Level 1 of the Swamp
 32584 | Swamp:1  | Reached skill level 18 in Stealth
 34258 | Swamp:2  | Noticed Jorgrun
 34262 | Swamp:2  | Killed Jorgrun
 35590 | Swamp:3  | Noticed Aizul
 35595 | Swamp:3  | Reached skill level 10 in Spellcasting
 35890 | Swamp:3  | Slain by Aizul

Vault maps used:
D:1:      scummos_arrival_hexagon
D:2:      lemuel_crystal_altar, grunt_qazlal_sundering
D:3:      uniq_robin
D:4:      hangedman_ru_absence, solitary_fountain
D:5:      first_bread
D:6:      grunt_temple_overflow_gold_and_silver, marbit_many_paths,
          minmay_temple_entry_large_hall, uniq_sigmund
D:7:      kennysheep_housing_project, vehumet_statue
D:8:      tgw_trog, grunt_pakellas_basics, serial_shops, nicolae_shop_crystal,
          blue_anna_alchemist, uniq_prince_ribbit1, uniq_pikel
D:9:      overflow_temple_1_default
D:10:     orc_0_dummy, uniq_fannar
D:11:     lair_0_dummy, okawaru_humans
D:13:     grunt_ministairs_1
D:14:     david_vaults_5, serial_shops, shop, minmay_door_square
D:15:     grunt_enter_depths_snipers, minmay_misc_feat_encased,
          nrook_pool_corridor, uniq_agnes, uniq_urug
Temple:   water_room_temple_b_12
Lair:1:   st_stairs_4
Lair:2:   minmay_snake_entry_guardpost_large,
          eino_small_chamber_without_monster, beast_lair_carwin_3
Lair:3:   swamp_mist
Lair:4:   wad_woods_01, uniq_kirke, uniq_sonja
Lair:5:   slime_altar_1, minmay_lair_drake_nest, serial_bayou_shore_b
Lair:6:   minmay_lair_end_frog_pond, nicolae_quartered_pool_little
Swamp:1:  evilmike_swamp_ruin_house_1
Swamp:2:  hangedman_swamp_ruin_wall, swamp_pool3, uniq_jorgrun
Swamp:3:  nicolae_swamp_dense_foliage, infiniplex_staircase_pool, uniq_aizul
Orc:2:    grunt_orc_tribal_feast, serial_shops,
          nicolae_shop_temple_entry_statues_fountains

Skill      XL: |  1  2  3  4  5  6  7  8  9 10 11 12 13 14 15 16 |
---------------+-------------------------------------------------+-----
Short Blades   | 3 4 5 6 8 9 10 11 12 13 | 13.8
Stealth        | 6 7 8 9 11 12 14 15 16 17 18 | 18.5
Hexes          | 1 2 3 4 5 6 7 9 10 11 12 13 14 | 14.5
Spellcasting   | 1 2 3 4 5 6 7 8 9 10 | 10.0
Ice Magic      | 1 |  1.0
Fighting       | 3 4 5 6 |  6.4
Invocations    | 2 4 5 6 7 8 |  8.1
Dodging        | 3 4 6 7 |  7.3
Throwing       | 3 4 |  4.0
Translocations | 2 |  2.0
Evocations     | 1 2 3 |  3.4
Shields        | 1 5 |  5.4
Armour         | 1 3 |  3.2

Action                   |  1- 3 |  4- 6 |  7- 9 | 10-12 | 13-15 | 16-18 || total
-------------------------+-------+-------+-------+-------+-------+-------++-------
Melee: Dagger            |    80 |    58 |   152 |   444 |   763 |   124 ||  1621
       Rapier            |       |       |       |       |    96 |   256 ||   352
 Fire: Blowgun           |    11 |    72 |    43 |    92 |   100 |       ||   318
Throw: Throwing net      |       |     1 |     1 |     2 |     1 |     2 ||     7
       Tomahawk          |       |       |       |     5 |     2 |       ||     7
 Cast: Ensorcelled Hiber |       |    16 |    93 |   119 |   321 |    44 ||   593
       Confuse           |       |       |    12 |    42 |   117 |    45 ||   216
       Dazzling Spray    |       |       |       |    29 |    32 |    25 ||    86
       Tukima's Dance    |       |       |       |       |     4 |       ||     4
Invok: Shadow Step       |       |       |       |       |     4 |     3 ||     7
       Shadow Form       |       |       |       |       |       |     1 ||     1
 Abil: Evoke Invisibilit |       |       |       |       |     2 |     3 ||     5
Evoke: Wand              |       |       |       |    11 |     4 |     1 ||    16
  Use: Scroll            |       |    11 |     7 |    11 |    10 |     8 ||    47
       Potion            |       |       |       |     3 |     3 |     7 ||    13
 Stab: Sleeping          |    11 |    24 |    67 |   106 |   262 |    43 ||   513
       Distracted        |       |     1 |     4 |     2 |    10 |     3 ||    20
       Confused          |       |       |     3 |    20 |    68 |    23 ||   114
       Invisible         |       |       |       |    12 |    18 |    23 ||    53
       Held in net/web   |       |       |       |       |     1 |       ||     1
  Eat: Chunk             |    11 |     8 |    24 |    40 |    55 |    14 ||   152
       Pizza             |       |       |       |       |     1 |     1 ||     2
Armor: Robe              |    13 |    12 |    24 |    24 |       |       ||    73
       Steam dragon armo |       |       |       |    35 |    70 |       ||   105
       Leather armour    |       |       |       |       |       |    18 ||    18
Dodge: Dodged            |    49 |    31 |    91 |   266 |   420 |   143 ||  1000
Block: Buckler           |       |       |       |       |   227 |   101 ||   328
       Reflection        |       |       |       |       |     3 |     3 ||     6
